 Dungeon Crawl Stone Soup version 0.29.0-11-gd7f09526c8 (webtiles) character file.

Game seed: 931147552797198054

26 Persephone the Trooper (level 3, -1/34 HPs)
             Began as a Hill Orc Fighter on Sept 6, 2022.
             Slain by a goblin
             ... wielding a +0 club
              (2 damage)
             ... on level 1 of the Dungeon.
             The game lasted 00:00:56 (421 turns).

Persephone the Trooper (Hill Orc Fighter)            Turns: 421, Time: 00:00:57

Health: -1/34      AC:  6    Str: 20    XL:     3   Next: 8%
Magic:  3/3        EV:  9    Int:  8    God:
Gold:   50         SH:  4    Dex: 10    Spells: 2/2 levels left

rFire   . . .      SeeInvis .   a - +0 war axe
rCold   . . .      Faith    .   c - +0 buckler
rNeg    . . .      Spirit   .   b - +0 scale mail
rPois   .          Reflect  .   (no helmet)
rElec   .          Harm     .   (no cloak)
rCorr   .          Rampage  .   (no gloves)
Will    .....                   (no boots)
Stlth   ..........              (no amulet)
HPRegen 0.11/turn               (no ring)
MPRegen 0.08/turn               (no ring)

@: lethally poisoned (-1 -> -2)
A: no striking features
a: no special abilities


You were on level 1 of the Dungeon.
You visited 1 branch of the dungeon, and saw 1 of its levels.

You collected 50 gold pieces.

Inventory:

Hand Weapons
 a - a +0 war axe (weapon)
Armour
 b - a +0 scale mail (worn)
 c - a +0 buckler (worn)
Scrolls
 e - a scroll of fear {unknown}
 f - a scroll of enchant weapon {unknown}
Potions
 d - a potion of might


   Skills:
 + Level 4.4 Fighting
 + Level 3.8 Axes
 - Level 3.2 Armour
 - Level 3.2 Shields


You had 2 spell levels left.
You didn't know any spells.
Your spell library was empty.

Dungeon Overview and Level Annotations

Branches:
Dungeon (1/15)

Altars:

Shops:
D:1 *


Message History

You kill the hobgoblin!
You feel very sick.
The jackal bites you but does no damage.
The jackal bites you.
* * * LOW HITPOINT WARNING * * *
You closely miss the jackal.
The jackal is almost dead.
You barely miss the goblin.
You feel sick.
The jackal bites you but does no damage.
You block the goblin's attack. The jackal bites you.
* * * LOW HITPOINT WARNING * * *
You barely miss the jackal.
The jackal is almost dead.
You barely miss the goblin.
* * * LOW HITPOINT WARNING * * *
You feel sick. The jackal barely misses you.
The goblin hits you with a +0 club.
* * * LOW HITPOINT WARNING * * *
The jackal bites you but does no damage.
Okay, then.
You barely miss the jackal.
The jackal is almost dead.
You hit the goblin.
* * * LOW HITPOINT WARNING * * *
You feel sick.
The jackal bites you but does no damage.
You block the goblin's attack.
The jackal bites you but does no damage.
The goblin hits you but does no damage.
Unknown command.
* * * LOW HITPOINT WARNING * * *
You feel sick.
The jackal bites you but does no damage.
You block the goblin's attack.
Unknown command.
Unknown command.
* * * LOW HITPOINT WARNING * * *
You feel sick. The jackal barely misses you.
The goblin hits you with a +0 club.
You die...

####....#######
#....# .
#####....#
#.......##
#.......#
#.......#
#.......#
#.......#
#...@h..#
#?...g..#
#...........
#...........
###.........
#..$......
#.........
#.........


You could see a jackal and a goblin.

Vanquished Creatures
  2 dart slugs (D:1)
  2 ball pythons (D:1)
  2 hobgoblins (D:1)
  6 jackals (D:1)
  2 kobolds (D:1)
  A quokka (D:1)
  2 goblins (D:1)
  A rat (D:1)
18 creatures vanquished.

Notes
Turn   | Place    | Note
-------+----------+-------------------------------------------
     0 | D:1      | Persephone the Hill Orc Fighter began the quest for the
                  | Orb.
     0 | D:1      | Reached XP level 1. HP: 19/19 MP: 1/1
   179 | D:1      | Found Lefaty's General Store.
   243 | D:1      | Reached skill level 4 in Fighting
   243 | D:1      | Reached XP level 2. HP: 27/27 MP: 2/2
   411 | D:1      | Reached XP level 3. HP: 31/34 MP: 3/3
   420 | D:1      | HP: 1/34 [poisoned by a kobold]
   421 | D:1      | Slain by a goblin

Illustrated notes

Levels and vault maps discovered:
D:1:      lemuel_arrival_river_ford, layout_basic,
          shapermc_ecumenical_altar_mp_ritualfount, serial_shops,
          nicolae_diamond_shop

Skill      XL: |  1 |
---------------+----+-----
Axes           | 3 |  3.8
Fighting       | 4 |  4.4
Armour         | |  3.2
Shields        | |  3.2

Action                   || total
-------------------------++-------
Melee: War axe           ||    50
Armor: Scale mail        ||    32
Dodge: Dodged            ||    26
Block: Buckler           ||    19
